Map: Mech Depot LE

Players

Juxtapose

  • Race: Protoss Protoss
  • League: Gold
  • Spawn Location: 1:00

Jester - Winner!

  • Race: Zerg Zerg
  • League: Gold
  • Spawn Location: 7:00

VOD

https://youtu.be/LlN-Ekwn5jU

Description

This is an absolutely fantastic and fun match, and my opponent and I were quite well matched.

I actually was surprised by his Nydus Worm. Twice! You don't see those very often.

My opponent did out macro me, and I didn't choose the correct unit composition to go long term. I should have teched to Colossi faster, and kept making Immortals as opposed to Stalkers. Zealots were correct, but I should also have been making High Templar for Psionic Storms and Archons for splash.

Time

  • Played on: Sept. 15, 2017, 9:33 p.m.
  • Length: 19:58
Show
View Real Time Build Order
Export as new Build Order

Juxtapose Protoss 

Build Orders:  

Get SALT Encoding   

  12  0:01  Probe (Chrono Boost)  
  13  0:12  Probe (Chrono Boost)  
  14  0:22  Probe (Chrono Boost), Pylon  
  15  0:40  Probe (Chrono Boost)  
  15  0:41  Gateway  
  16  0:51  Probe (Chrono Boost)  
  16  0:52  Assimilator  
  17  1:00  Pylon  
  17  1:01  Probe (Chrono Boost)  
  18  1:12  Probe (Chrono Boost)  
  19  1:20  Pylon  
  19  1:22  Probe (Chrono Boost)  
  20  1:31  Cybernetics Core  
  20  1:33  Probe (Chrono Boost)  
  20  1:36  Zealot  
  23  1:44  Probe (Chrono Boost)  
  24  1:47  Assimilator  
  24  1:56  Probe (Chrono Boost)  
  25  2:10  Mothership Core (Chrono Boost)  
  27  2:20  Pylon  
  27  2:30  Zealot  
  27  2:36  Warp Gate (Chrono Boost)  
  31  3:10  Sentry  
  31  3:17  Robotics Facility  
  31  3:19  Twilight Council  
  31  3:22  Forge  
  31  3:25  Gateway  
  31  3:26  Gateway  
  31  3:29  Pylon  
  31  3:49  Zealot  
  33  3:56  Charge (Chrono Boost)  
  33  4:00  Protoss Ground Weapons Level 1 (Chrono Boost)  
  33  4:24  Nexus  
  33  4:28  Pylon  
  33  4:31  Pylon  
  33  4:32  Probe  
  33  4:34  Observer  
  33  4:35  Pylon  
  35  4:39  Sentry  
  37  4:55  Warp Prism  
  37  4:56  Sentry  
  37  4:57  Zealot  
  43  5:22  Gateway  
  43  5:25  Pylon  
  43  5:26  Stalker  
  45  5:38  Probe  
  45  5:42  Probe  
  47  5:49  Probe  
  47  5:51  Stalker x2  
  47  5:54  Probe  
  53  6:18  Stalker x2  
  53  6:19  Zealot  
  53  6:24  Immortal  
  61  6:59  Probe  
  61  7:01  Probe  
  63  7:03  Assimilator  
  63  7:08  Assimilator  
  63  7:10  Probe  
  63  7:13  Probe  
  65  7:21  Zealot x3  
  65  7:22  Zealot  
  61  7:53  Probe  
  62  8:00  Robotics Bay  
  62  8:02  Immortal  
  62  8:04  Probe  
  66  8:10  Robotics Facility  
  67  8:14  Probe  
  67  8:15  Stalker x3  
  67  8:16  Stalker  
  76  8:27  Protoss Ground Armor Level 1 (Chrono Boost)  
  76  8:33  Probe  
  77  8:41  Observer  
  77  8:43  Probe  
  73  8:54  Probe  
  70  9:01  Extended Thermal Lance  
  70  9:14  Zealot x4  
  78  9:18  Observer, Colossus  
  85  9:46  Nexus  
  85  9:47  Colossus  
  85  9:49  Pylon  
  85  9:50  Pylon  
  91  9:53  Pylon  
  83  10:41  Warp Prism  
  83  10:42  Colossus  
  85  10:46  Zealot x3  
  97  10:59  Probe  
  98  11:10  Probe  
  98  11:14  Probe  
  98  11:15  Probe  
  98  11:16  Colossus  
  107  11:20  Assimilator  
  107  11:22  Assimilator  
  107  11:24  Stalker x3  
  111  11:35  Colossus  
  87  12:10  Colossus  
  87  12:11  Zealot x4  
  62  12:31  Zealot x2  
  62  12:32  Zealot x2  
  62  12:36  Mothership Core  
  66  12:38  Colossus  
  72  12:45  Probe  
  73  12:55  Probe  
  74  12:59  Stalker x4  
  74  13:03  Colossus  
  88  13:06  Protoss Ground Weapons Level 2 (Chrono Boost), Probe  
  89  13:14  Gateway  
  89  13:19  Gateway  
  89  13:22  Zealot x2  
  89  13:25  Probe  
  94  13:35  Probe  
  85  13:57  Stalker x3  
  85  13:58  Stalker  
  81  14:03  Colossus  
  81  14:09  Mothership Core  
  79  14:26  Zealot x4  
  79  14:29  Probe  
  88  14:33  Gateway, Probe  
  89  14:39  Probe  
  90  14:50  Probe  
  91  14:53  Observer  
  92  15:04  Protoss Ground Armor Level 2 (Chrono Boost)  
  92  15:12  Nexus  
  92  15:14  Pylon  
  92  15:16  Pylon  
  92  15:21  Pylon  
  92  15:22  Zealot x4  
  92  15:23  Zealot  
  102  15:50  Stalker x4  
  102  15:51  Stalker  
  110  16:02  Colossus x2  
  122  16:16  Zealot x2  
  122  16:17  Zealot  
  122  16:18  Zealot x2  
  102  16:37  Zealot x2  
  102  16:38  Zealot x2  
  92  16:41  Mothership Core  
  65  16:55  Probe  
  65  17:00  Zealot x2  
  65  17:01  Zealot x3  
  74  17:05  Probe  
  77  17:16  Probe  
  78  17:26  Probe  
  78  17:28  Photon Cannon  
  79  17:31  Photon Cannon  
  79  17:32  Colossus  
  79  17:35  Photon Cannon  
  85  17:37  Probe, Zealot x3  
  92  17:48  Probe  
  93  17:55  Observer  
  93  17:58  Probe  
  89  18:09  Zealot x2  
  89  18:10  Zealot x4  
  79  18:16  Observer  
  64  18:22  Mothership Core  
  61  18:29  Colossus  
  50  18:44  Stalker x2  
  50  18:45  Stalker x2  
  50  18:46  Stalker  
  56  19:24  Zealot x2  
  56  19:25  Zealot x3  
Show
View Real Time Build Order
Export as new Build Order

Jester Zerg - Winner!

Build Orders: Pool First 

Get SALT Encoding   

  12  0:01  Drone  
  13  0:10  Drone  
  14  0:17  Overlord  
  14  0:37  Spawning Pool  
  13  0:43  Drone  
  13  0:44  Drone  
  13  0:47  Extractor  
  14  0:51  Drone  
  15  1:30  Queen  
  17  1:36  Hatchery  
  16  1:44  Zergling x4  
  16  1:45  Zergling x2  
  19  1:56  Roach Warren  
  18  2:19  Queen  
  20  2:29  Drone x2  
  22  2:38  Overlord  
  22  2:48  Queen  
  24  3:11  Spore Crawler  
  23  3:14  Drone x3  
  26  3:27  Drone  
  26  3:28  Drone x2, Extractor  
  26  3:30  Drone  
  29  3:38  Drone x2  
  31  3:51  Drone  
  31  3:52  Drone x2  
  31  3:54  Roach  
  35  4:13  Lair  
  35  4:16  Drone  
  36  4:17  Overlord x2  
  36  4:31  Overlord x2  
  36  4:40  Spore Crawler  
  35  4:55  Roach x3  
  41  5:15  Hydralisk Den  
  41  5:18  Drone x2  
  41  5:19  Nydus Network  
  42  5:21  Drone x4  
  42  5:22  Drone x3  
  42  5:24  Overseer  
  48  5:44  Extractor  
  48  5:47  Extractor  
  46  5:51  Roach x2  
  46  5:53  Roach  
  52  6:03  Hatchery  
  51  6:05  Roach  
  51  6:07  Roach x3  
  59  6:12  Nydus Canal  
  59  6:21  Drone x3  
  59  6:23  Drone x2  
  52  6:51  Hydralisk x4  
  60  6:56  Hydralisk x2  
  60  6:57  Hydralisk x2  
  68  7:12  Overlord x2  
  68  7:16  Overlord x2  
  68  7:23  Ravager x2  
  70  7:31  Overseer  
  68  8:00  Roach x5  
  68  8:01  Roach x2  
  68  8:04  Drone x3, Queen  
  87  8:08  Zergling x10  
  92  8:22  Nydus Canal  
  92  8:32  Roach x3  
  82  9:01  Roach  
  82  9:02  Roach x6  
  98  9:03  Roach  
  98  9:07  Evolution Chamber  
  98  9:09  Evolution Chamber, Drone x2  
  98  9:11  Overlord  
  98  9:28  Overlord x3, Queen  
  98  9:29  Glial Reconstitution  
  100  9:34  Overseer  
  100  9:35  Overseer  
  100  9:40  Drone x2  
  100  9:41  Drone  
  100  9:43  Drone  
  104  9:46  Extractor  
  104  9:47  Extractor  
  102  9:53  Zerg Missile Weapons Level 1  
  102  9:56  Zerg Ground Armor Level 1  
  102  9:58  Drone  
  103  10:03  Ravager  
  103  10:04  Ravager x2  
  103  10:05  Ravager  
  107  10:07  Hydralisk  
  103  10:36  Drone  
  103  10:37  Drone x6  
  103  10:38  Drone  
  111  10:44  Hydralisk  
  111  10:45  Hydralisk x4  
  121  11:02  Overlord x3  
  121  11:03  Overlord  
  121  11:20  Hatchery  
  120  11:25  Extractor  
  120  11:29  Roach x2  
  80  12:21  Roach  
  80  12:22  Roach x6  
  83  12:23  Roach x5  
  83  12:25  Hydralisk x3  
  83  12:26  Hydralisk x3  
  91  12:39  Queen  
  91  12:43  Zergling x4  
  91  12:44  Zergling x2  
  94  12:53  Hydralisk  
  94  12:54  Hydralisk x2  
  94  12:55  Infestation Pit  
  97  13:02  Drone  
  97  13:03  Drone x2  
  100  13:06  Drone x2  
  102  13:18  Ravager x2  
  102  13:19  Ravager  
  105  13:23  Roach x3  
  105  13:26  Drone x2  
  113  13:29  Roach x2  
  76  14:10  Hydralisk  
  76  14:11  Hydralisk x5  
  76  14:16  Roach x6  
  93  14:19  Overlord  
  93  14:30  Drone x3  
  96  14:33  Roach  
  98  14:40  Zerg Missile Weapons Level 2  
  98  14:46  Zerg Ground Armor Level 2  
  98  14:49  Overseer  
  98  14:52  Drone x2  
  100  14:58  Roach x2  
  104  15:08  Extractor  
  104  15:10  Extractor  
  106  15:14  Roach x4  
  110  15:24  Ravager  
  110  15:28  Roach x3  
  117  15:34  Hydralisk x2  
  117  15:35  Hydralisk  
  123  15:37  Zergling x2  
  123  15:38  Zergling x2  
  125  15:47  Roach x4  
  133  15:50  Zergling x4  
  133  15:55  Hydralisk  
  137  16:02  Roach x4  
  76  16:52  Roach  
  76  16:53  Roach x2  
  80  16:57  Roach x7  
  80  16:58  Roach x2  
  80  16:59  Hydralisk x2  
  80  17:00  Hydralisk  
  104  17:08  Hydralisk x3  
  104  17:09  Hydralisk x3  
  104  17:15  Hatchery  
  113  17:28  Hydralisk x3  
  113  17:29  Hydralisk x2  
  123  17:33  Zergling x6  
  123  17:34  Zergling x4  
  128  17:50  Roach x3  
  134  17:53  Queen  
  120  18:14  Extractor  
  115  18:26  Roach x5  
  125  18:29  Queen  
  125  18:31  Queen  
  125  18:32  Hydralisk x2  
  125  18:33  Hydralisk x5  
  143  18:51  Roach x2  
  143  18:52  Roach  
  149  18:58  Drone x3, Queen  
  149  19:01  Roach x3  
  149  19:02  Roach x2  
Tags
 
League
GoldGold
Matchup
PvZ
Opening
Pool First
Spawn Locations
Cross Positions
Add a new tag
Caveats
  • Supply blocks, unpowered buildings, or Contaminate may cause inaccurate times.
  • Supply counts are checked every 10 seconds.